Map: [ESL] Alcyone

Players

trigger

  • Race: Protoss Protoss
  • League: Master
  • Spawn Location: 7:00

Stats - Winner!

  • Race: Protoss Protoss
  • League: Master
  • Spawn Location: 1:00

Event: Bellum Gens Elite Stara Zagora 2024

VOD

Have the link to the VOD?

Description

Time

  • Played on: Sept. 7, 2024, 8:26 a.m.
  • Length: 11:41

All games in this series

Show
View Real Time Build Order
Export as new Build Order

trigger Protoss 

Build Orders:  

Get SALT Encoding   

  12  0:00  Probe  
  13  0:12  Probe  
  14  0:16  Pylon  
  14  0:24  Probe (Chrono Boost)  
  16  0:36  Gateway, Probe (Chrono Boost)  
  16  0:43  Probe (Chrono Boost)  
  16  0:46  Assimilator  
  17  0:50  Probe  
  18  1:03  Probe (Chrono Boost)  
  19  1:04  Assimilator  
  19  1:10  Gateway  
  20  1:12  Probe (Chrono Boost)  
  20  1:17  Probe (Chrono Boost)  
  20  1:24  Cybernetics Core  
  21  1:29  Probe  
  22  1:34  Pylon  
  22  1:41  Probe  
  24  2:01  Robotics Facility  
  24  2:03  Adept  
  24  2:05  Adept  
  27  2:10  Warp Gate  
  27  2:12  Pylon  
  27  2:33  Stalker  
  27  2:35  Stalker  
  31  2:46  Immortal (Chrono Boost)  
  35  2:52  Pylon  
  35  3:04  Probe  
  35  3:06  Sentry  
  37  3:17  Warp Prism (Chrono Boost)  
  37  3:18  Shield Battery  
  37  3:35  Gateway  
  37  3:47  Immortal  
  39  4:18  Probe  
  32  4:25  Warp Prism (Chrono Boost)  
  32  4:27  Stalker  
  32  4:30  Stalker x2  
  36  4:59  Immortal (Chrono Boost)  
  40  5:09  Stalker x3  
  44  5:40  Pylon  
  45  5:42  Observer (Chrono Boost)  
  45  5:49  Probe  
  46  5:52  Nexus  
  44  6:06  Sentry  
  44  6:07  Sentry  
  52  6:13  Pylon  
  52  6:17  Sentry  
  50  6:27  Gateway, Stargate  
  50  6:33  Stalker  
  50  6:39  Pylon  
  51  6:45  Shield Battery  
  49  6:55  Pylon  
  49  7:00  Adept  
  47  7:07  Stalker  
  49  7:21  Void Ray  
  49  7:22  Zealot  
  20  8:42  Pylon  
  8  9:42  Adept  
Show
View Real Time Build Order
Export as new Build Order

Stats Protoss - Winner!

Build Orders:  

Get SALT Encoding   

  12  0:00  Probe  
  13  0:12  Probe  
  14  0:17  Pylon  
  14  0:24  Probe (Chrono Boost)  
  15  0:36  Gateway, Probe (Chrono Boost)  
  16  0:44  Probe (Chrono Boost)  
  16  0:46  Assimilator  
  17  0:51  Probe  
  17  0:54  Assimilator  
  18  1:03  Probe (Chrono Boost)  
  19  1:07  Gateway  
  19  1:14  Probe (Chrono Boost)  
  20  1:19  Probe (Chrono Boost)  
  20  1:24  Cybernetics Core  
  21  1:29  Probe  
  22  1:34  Pylon  
  22  1:41  Probe  
  23  1:53  Probe  
  23  2:00  Stalker x2, Warp Gate  
  27  2:06  Probe  
  28  2:15  Pylon  
  28  2:30  Stalker  
  28  2:32  Stalker  
  28  2:36  Robotics Facility  
  32  2:43  Gateway  
  32  3:02  Stalker x2  
  36  3:08  Probe  
  30  3:20  Warp Prism (Chrono Boost), Probe  
  33  3:31  Pylon  
  33  3:39  Probe  
  34  3:55  Stalker, Sentry  
  38  4:05  Immortal  
  38  4:14  Stalker  
  35  4:28  Probe  
  36  4:31  Sentry  
  38  4:40  Probe  
  39  4:47  Immortal (Chrono Boost)  
  41  5:00  Pylon  
  41  5:22  Warp Prism (Chrono Boost)  
  41  5:25  Sentry, Adept x2  
  47  5:44  Pylon  
  47  5:50  Adept  
  47  5:51  Observer, Adept  
  47  5:52  Adept  
  54  6:08  Pylon  
  54  6:17  Adept x3  
  41  7:07  Adept  
  31  7:34  Pylon  
  31  7:37  Probe (Chrono Boost)  
  32  7:48  Probe (Chrono Boost)  
  33  7:52  Probe (Chrono Boost)  
  34  7:58  Sentry x2  
  34  8:05  Probe  
  29  8:17  Probe  
  18  8:29  Stalker x2  
  16  8:35  Shield Battery  
  16  8:55  Stalker  
  19  9:12  Probe  
  14  9:30  Probe  
  13  9:42  Probe  
  14  10:06  Pylon  
  14  10:33  Probe  
  9  10:51  Stalker  
  7  11:14  Stalker  
Tags
 
Add a new tag
Caveats
  • Supply blocks, unpowered buildings, or Contaminate may cause inaccurate times.
  • Supply counts are checked every 10 seconds.